 Dungeon Crawl Stone Soup version 0.31.0-9-g3a7656b989 (webtiles) character file.

Game seed: 5402910444464403492

2115 qw the Skirmisher (level 9, -6/44 HPs)
             Began as a Spriggan Hunter on Feb 2, 2024.
             Was a Follower of Okawaru.
             Killed by divine providence
             ... invoked by Jeremiah
              (11 damage)
             ... on level 8 of the Dungeon.
             The game lasted 00:00:31 (5367 turns).

qw the Skirmisher (Spriggan Hunter)                 Turns: 5367, Time: 00:00:32

Health: -6/44      AC:  2    Str:  7    XL:     9   Next: 8%
Magic:  10/10      EV: 25    Int: 11    God:    Okawaru [*.....]
Gold:   292        SH:  0    Dex: 22    Spells: 8/8 levels left

rFire   . . .        a - +2 shortbow
rCold   + . .        (shield currently unavailable)
rNeg    . . .        c - +0 robe
rPois   .            (helmet restricted)
rElec   .            (no cloak)
rCorr   .            (gloves unavailable)
SInv    +            (boots unavailable)
Will    +....        (no amulet)
Stlth   ++           b - ring of protection from cold
HPRegen 0.27/turn    (no ring)
MPRegen 0.12/turn

%: no passive effects
@: about to teleport, very quick
A: very small, no large weapons, unfitting armour, see invisible, speed 3
a: Renounce Religion, Heroism


You were on level 8 of the Dungeon.
You worshipped Okawaru.
Okawaru was aware of your devotion.
You visited 2 branches of the dungeon, and saw 9 of its levels.

You collected 292 gold pieces.


Innate Abilities, Weirdness & Mutations

You are very small and have problems with some larger weapons.
You are too small for most types of armour.
You have supernaturally acute eyesight. (SInv)
You cover ground extremely quickly. (Speed+++)


   Skills:
 - Level 3.3 Fighting
 - Level 10.1 Ranged Weapons
 + Level 9.2 Dodging
 - Level 1.5 Stealth
 + Level 0.0 Invocations


You had 8 spell levels left.
You didn't know any spells.
Your spell library was empty.

Inventory:

Hand Weapons
 a - a +2 shortbow (weapon)
Armour
 c - a +0 robe (worn)
 f - +0 swamp dragon scales
Jewellery
 b - a ring of protection from cold (left hand)
Wands
 j - a wand of polymorph (10)
 m - a wand of paralysis (32)
Potions
 d - a potion of mutation
 e - a potion of heal wounds {unknown}
 g - a potion of resistance
 i - a potion of curing {unknown}
 k - a potion of lignification {unknown}
 l - a potion of cancellation {unknown}

Dungeon Overview and Level Annotations

Branches:
Dungeon (8/15)             Temple (1/1) D:7
   Lair: D:8-11

Altars:
Cheibriados
Dithmenos
Fedhas
Gozag
Hepliaklqana
Makhleb
Nemelex Xobeh
Okawaru
Qazlal
Ru
Sif Muna
Trog
Vehumet
Xom
Yredelemnul
Zin
The Shining One

Annotations:
D:8 Jeremiah


Message History

5343 ||| RETREEEEATING.
The butterfly disappears in a burst of colours!
Jeremiah cries, "Fearful master, protect me!"
Something smites you!
Jeremiah shouts, "O dreadful one, destroy my foe!"
Something smites you!
The butterfly disappears in a burst of colours!
Jeremiah lets out a twisted cry.
Something smites you!
You shoot an arrow. The arrow hits the butterfly!
You kill the butterfly!
The butterfly disappears in a burst of colours!
Jeremiah says, "Oh, what beautiful sparkles and rainbows everywhere!"
The butterfly disappears in a burst of colours!
The butterfly disappears in a burst of colours!
The butterfly disappears in a burst of colours!
The butterfly disappears in a burst of colours!
A wight comes into view. It is wielding a +4 spear of freezing.
The butterfly disappears in a burst of colours! x2
The butterfly disappears in a burst of colours!
The butterfly disappears in a burst of colours! x2
Jeremiah hops!
You shoot an arrow. The arrow hits the butterfly!
You kill the butterfly!
The butterfly disappears in a burst of colours!
The butterfly disappears in a burst of colours! x2
Jeremiah hops!
5364 ||| READING scroll of teleportation.
As you read the scroll of teleportation, it crumbles to dust.
You feel strangely unstable.
The butterfly disappears in a burst of colours!
5365 ||| RETREEEEATING.
The butterfly disappears in a burst of colours!
You shoot an arrow. The arrow barely misses the wight.
The wight hits you from afar with a +4 spear of freezing.
The wight freezes you.
Jeremiah mumbles a slurred invocation.
Something smites you!
You die...
Jeremiah says, "O terrible one, your will is done."

+. #..# #. ##.########
#.+##+.........#
#.#..#....)...<##
+.#..#..........#
+###+###'..'.##.#####b#
#.......#..####.# ...
#.......#..# #.# b.###
+###+###'######@# .###
#......#.###.#
###.##.#z....#
#.##.bbb.###
#.###F#...# #.# #b..#.#
#.##bb.##.# #.##zb## #
#.>..##


You could see Jeremiah and 2 wights.

Vanquished Creatures
  Maggie (D:8)
  A wyvern (D:7)
  Eustachio (D:5)
  3 sky beasts (D:7)
  3 ogres
  A centaur (D:7)
  4 bullfrogs
  A scorpion (D:6)
  3 jellies
  A howler monkey (D:6)
  2 hounds
  A gnoll bouda (D:5)
  2 orc priests (D:4)
  3 iguanas
  2 orc wizards
  4 gnolls (D:5)
  8 adders
  A white imp (D:6)
  4 ufetubi (D:6)
  A dart slug (D:1)
  2 ribbon worms
  12 orcs
  7 ball pythons
  2 bats
  5 endoplasms
  5 giant cockroaches
  7 goblins
  7 hobgoblins
  4 quokkas
  A frilled lizard (D:3)
  7 kobolds
  5 rats
111 creatures vanquished.

Notes
Turn   | Place    | Note
-------+----------+-------------------------------------------
     0 | D:1      | qw the Spriggan Hunter began the quest for the Orb.
     0 | D:1      | Reached XP level 1. HP: 10/10 MP: 2/2
     0 | D:1      | 0 ||| qw: Version: 0.3-a-155-g5e7d8dd
     0 | D:1      | 0 ||| qw: Game counter: 1396
     0 | D:1      | 0 ||| qw: Melee chars always use a shield: true
     0 | D:1      | 0 ||| qw: God list: Okawaru
     0 | D:1      | 0 ||| qw: Allow faded altars: false
     0 | D:1      | 0 ||| qw: Do Orc after clearing Dungeon:15 true
     0 | D:1      | 0 ||| qw: Do second Lair branch before Depths: true
     0 | D:1      | 0 ||| qw: Lair rune preference: random
     0 | D:1      | 0 ||| qw: Goals: Normal
     0 | D:1      | 0 ||| PLANNING D:1-11
    52 | D:1      | Reached skill level 3 in Dodging
   221 | D:1      | Reached XP level 2. HP: 14/14 MP: 3/3
   535 | D:1      | 535 ||| DRINKING 2 amethyst potions.
   536 | D:1      | 536 ||| DROPPING scroll of butterflies.
   537 | D:1      | 537 ||| DROPPING potion of brilliance.
   817 | D:2      | Reached XP level 3. HP: 13/18 MP: 4/4
  1037 | D:2      | Found a faded altar of an unknown god.
  1054 | D:2      | Reached skill level 5 in Ranged Weapons
  1288 | D:2      | 1288 ||| READING 2 scrolls labelled PAMYNE GUFUI.
  1288 | D:2      | 1288 ||| IDENTIFYING fuming cyan potion
  1289 | D:2      | 1289 ||| DROPPING potion of magic.
  1412 | D:3      | Reached XP level 4. HP: 22/22 MP: 5/5
  1467 | D:3      | Identified the +5 hand axe "Tasmestru" {vamp, rElec Dex+5}
  1476 | D:3      | HP: 4/22 [hound (5)]
  1560 | D:3      | 1560 ||| READING scroll of identify.
  1560 | D:3      | 1560 ||| IDENTIFYING scroll labelled DENOTT GOZXU
  1561 | D:3      | 1561 ||| DROPPING scroll of torment.
  1813 | D:3      | Found a bloodstained altar of Trog.
  1965 | D:3      | 1965 ||| UPGRADING to ring of protection from cold.
  2006 | D:4      | Reached XP level 5. HP: 22/27 MP: 6/6
  2336 | D:4      | Reached skill level 6 in Ranged Weapons
  2383 | D:4      | Reached XP level 6. HP: 29/31 MP: 7/7
  2386 | D:4      | 2386 ||| RETREEEEATING.
  2389 | D:4      | 2389 ||| RETREEEEATING.
  2390 | D:4      | 2390 ||| RETREEEEATING.
  2391 | D:4      | 2391 ||| FLEEEEING.
  2392 | D:4      | 2392 ||| FLEEEEING.
  2393 | D:4      | 2393 ||| FLEEEEING.
  2394 | D:4      | 2394 ||| FLEEEEING.
  2395 | D:4      | 2395 ||| FLEEEEING.
  2396 | D:4      | 2396 ||| FLEEEEING.
  2397 | D:4      | 2397 ||| FLEEEEING.
  2398 | D:4      | 2398 ||| FLEEEEING.
  2399 | D:4      | 2399 ||| FLEEEEING.
  2400 | D:4      | 2400 ||| FLEEEEING.
  2403 | D:4      | 2403 ||| FLEEEEING.
  2404 | D:4      | 2404 ||| FLEEEEING.
  2405 | D:4      | 2405 ||| FLEEEEING.
  2406 | D:4      | 2406 ||| FLEEEEING.
  2407 | D:4      | 2407 ||| STAIRDANCE
  2432 | D:3      | 2432 ||| READING scroll labelled ZADWOS WAMYV.
  2432 | D:3      | 2432 ||| ENCHANTING +0 shortbow.
  2544 | D:4      | Reached skill level 6 in Dodging
  2619 | D:4      | 2619 ||| READING scroll labelled MUPOXE NAJESO.
  2780 | D:5      | Entered Level 5 of the Dungeon
  2883 | D:5      | Noticed Eustachio
  2893 | D:5      | 2893 ||| RETREEEEATING.
  2894 | D:5      | 2894 ||| RETREEEEATING.
  2895 | D:5      | 2895 ||| RETREEEEATING.
  2938 | D:5      | Killed Eustachio
  2939 | D:5      | Reached skill level 7 in Ranged Weapons
  2939 | D:5      | Reached XP level 7. HP: 12/35 MP: 8/8
  3323 | D:5      | 3323 ||| READING scroll of enchant weapon.
  3323 | D:5      | 3323 ||| ENCHANTING +1 shortbow.
  3459 | D:5      | Found a stormy altar of Qazlal.
  3459 | D:5      | Found an opulent altar of Gozag.
  3472 | D:5      | 3472 ||| DROPPING scarf of shadows.
  3473 | D:5      | 3473 ||| DROPPING +6 ring of intelligence.
  3474 | D:5      | 3474 ||| READING 2 scrolls of identify.
  3474 | D:5      | 3474 ||| IDENTIFYING sedimented orange potion
  3475 | D:5      | 3475 ||| READING scroll of identify.
  3475 | D:5      | 3475 ||| IDENTIFYING white potion
  3476 | D:5      | 3476 ||| DROPPING potion of berserk rage.
  3592 | D:6      | Reached skill level 8 in Ranged Weapons
  3642 | D:6      | Reached XP level 8. HP: 24/39 MP: 9/9
  3706 | D:6      | Found a blossoming altar of Fedhas.
  3727 | D:6      | You fall into a shaft and drop 1 floor!
  3727 | D:7      | Found a sacrificial altar of Ru.
  3750 | D:7      | Reached skill level 3 in Fighting
  3789 | D:7      | 3789 ||| READING scroll labelled VOWUCI CAUNEAGH.
  3791 | D:7      | 3791 ||| Stepping ~*~*~tactically~*~*~ (cloud).
  4257 | D:6      | Found a shimmering blue altar of Sif Muna.
  4505 | D:6      | 4505 ||| READING 2 scrolls of identify.
  4505 | D:6      | 4505 ||| IDENTIFYING bubbling black potion
  4506 | D:6      | 4506 ||| READING scroll of identify.
  4506 | D:6      | 4506 ||| IDENTIFYING fuming blue potion
  4507 | D:6      | 4507 ||| READING scroll labelled FODANAHUHO.
  4508 | D:6      | 4508 ||| DRINKING 2 yellow potions.
  4509 | D:6      | 4509 ||| DROPPING potion of attraction.
  4510 | D:6      | 4510 ||| DROPPING potion of invisibility.
  4570 | D:7      | Found a staircase to the Ecumenical Temple.
  4571 | D:7      | 4571 ||| PLANNING TEMPLE
  4587 | Temple   | Entered the Ecumenical Temple
  4588 | Temple   | 4588 ||| PLANNING OKAWARU WORSHIP
  4592 | Temple   | Became a worshipper of Warmaster Okawaru
  4593 | Temple   | 4593 ||| PLANNING D:1-11
  4643 | D:7      | Reached skill level 9 in Ranged Weapons
  4812 | D:7      | Reached skill level 9 in Dodging
  5281 | D:7      | 5281 ||| READING 3 scrolls labelled SOUWNY SE ACSUORIA.
  5282 | D:7      | 5282 ||| DROPPING 2 scrolls of fog.
  5291 | D:8      | Noticed Maggie
  5292 | D:8      | 5292 ||| ZAPPING wand of paralysis (36) at -7,0 (Maggie;
                  | floor).
  5293 | D:8      | 5293 ||| ZAPPING wand of paralysis (35) at -6,0 (Maggie;
                  | floor).
  5294 | D:8      | 5294 ||| ZAPPING wand of paralysis (34) at -5,0 (Maggie;
                  | floor).
  5301 | D:8      | 5301 ||| ZAPPING wand of paralysis (33) at -4,0 (Maggie;
                  | floor).
  5305 | D:8      | Killed Maggie
  5305 | D:8      | Reached * piety under Okawaru
  5306 | D:8      | Reached skill level 10 in Ranged Weapons
  5306 | D:8      | Reached XP level 9. HP: 44/44 MP: 10/10
  5334 | D:8      | Noticed Jeremiah
  5337 | D:8      | 5337 ||| RETREEEEATING.
  5340 | D:8      | 5340 ||| RETREEEEATING.
  5342 | D:8      | 5342 ||| RETREEEEATING.
  5343 | D:8      | 5343 ||| RETREEEEATING.
  5351 | D:8      | HP: 7/44 [Jeremiah/divine providence (15)]
  5364 | D:8      | 5364 ||| READING scroll of teleportation.
  5365 | D:8      | 5365 ||| RETREEEEATING.
  5367 | D:8      | HP: 6/44 [wight/+4 spear of freezing (5)]
  5367 | D:8      | Killed from afar by Jeremiah

Levels and vault maps discovered:
D:1:      spicycebolla_arrival_clurvy, layout_basic,
          chequers_serial_rivers_micro_b, roderic_filled_cross
D:2:      layout_basic, hellmonk_ecumenical_altar_lost_god,
          nicolae_elevator_lobby_plus
D:3:      layout_loops_ring, lightli_temple_of_fire, minmay_checkerbox
D:4:      minmay_clustersquares, layout_basic, kennysheep_generic_room_11
D:5:      layout_basic, gammafunk_temple_overflow_elements, uniq_eustachio
D:6:      layout_gridville, kennysheep_mini_moat, lemuel_blue_sif_altar,
          serial_library_hellmonk_hallway_b
D:7:      layout_loops_ring, mainiacjoe_overflow_surrounded_room,
          minmay_temple_entry_statues_fountains
D:8:      layout_rooms, mainiacjoe_overflow_24_doors,
          grunt_lair_entry_orc_guard_hut, uniq_jeremiah, uniq_erica,
          uniq_joseph, uniq_psyche, uniq_maggie
Temple:   hellmonk_temple_of_storms

Skill      XL: |  1  2  3  4  5  6  7  8 |
---------------+-------------------------+-----
Dodging        | 3 4 5 6 7 9 |  9.2
Ranged Weapons | 5 6 7 8 10 | 10.1
Fighting       | 2 3 |  3.3
Stealth        | |  1.5

Action                     |  1- 3 |  4- 6 |  7- 9 || total
---------------------------+-------+-------+-------++-------
   Fire: Shortbow          |   124 |   211 |   200 ||   535
  Evoke: Wand              |       |       |     4 ||     4
    Use: Potion            |     1 |       |     1 ||     2
         Scroll            |     1 |     3 |     9 ||    13
 Armour: Robe              |    21 |    37 |    28 ||    86
  Dodge: Dodged            |    56 |   120 |    94 ||   270

Table legend:
 A = Non-vault XP
 B = Vault XP
 C = Vault XP percentage of total XP
 D = Non-vault monster count
 E = Vault monster count
 F = Vault count percentage of total count
                 A         B        C        D         E       F
            +---------+---------+-------+---------+---------+-------
      Total |    2234 |     788 |  26.1 |      94 |      17 |  15.3
            +---------+---------+-------+---------+---------+-------
        D:1 |      27 |       0 |   0.0 |      14 |       0 |   0.0
        D:2 |      62 |       0 |   0.0 |      17 |       0 |   0.0
        D:3 |      17 |      52 |  75.4 |       9 |       4 |  30.8
        D:4 |     176 |     163 |  48.1 |      19 |      11 |  36.7
        D:5 |     309 |     203 |  39.6 |      10 |       1 |   9.1
        D:6 |     610 |       0 |   0.0 |      16 |       0 |   0.0
        D:7 |    1033 |       0 |   0.0 |       9 |       0 |   0.0
        D:8 |       0 |     370 | 100.0 |       0 |       1 | 100.0
            +---------+---------+-------+---------+---------+-------
